 Dungeon Sprint DCSS version 0.30-a0-360-g447f08457e (webtiles) character file.

Game seed: 14968800591726771719

1064 Pestilence the Frost Mage (level 8, -4/52 HPs)
             Began as a Demonspawn Ice Elementalist on Nov 13, 2022.
             Was a Believer of Makhleb.
             Slain by a catoblepas (6 damage)
             ... while petrified by a catoblepas
             ... in the Dungeon (Sprint IX: "|||||||||||||||||||||||||||||").
             The game lasted 00:03:30 (717 turns).

Pestilence the Frost Mage (DsIE)                     Turns: 717, Time: 00:03:31

Health: -4/52      AC:  3    Str: 12    XL:     8   Next: 6%
Magic:  17/20      EV:  2    Int: 18    God:    Makhleb [**....]
Gold:   0          SH:  0    Dex: 17    Spells: 20/24 levels left

rFire   . . .      SeeInvis .    d - +3 spear (pain)
rCold   . . .      Faith    .    (no shield)
rNeg    + + +      Spirit   .    a - +0 robe
rPois   ∞          Reflect  .    (no helmet)
rElec   .          Harm     .    (no cloak)
rCorr   .          Rampage  .    k - +0 pair of gloves
Will    .....      NoTele   +    (no boots)
Stlth   ++........               (no amulet)
HPRegen 1.28/turn                l - +3 ring of dexterity
MPRegen 0.17/turn                m - +3 ring of strength

@: petrified, freezing walls
A: powered by death 2
a: Renounce Religion, Minor Destruction


You were in the Dungeon.
You worshipped Makhleb.
Makhleb was pleased with you.
You visited 1 branch

Inventory:

Hand Weapons
 d - a +3 spear of pain (weapon)
Armour
 a - a +0 robe (worn)
 k - a +0 pair of gloves (worn)
Jewellery
 l - a +3 ring of dexterity (left hand)
 m - a +3 ring of strength (right hand)
Wands
 i - a wand of iceblast (1)
Scrolls
 g - 2 scrolls of amnesia
Potions
 b - 3 potions of magic
 c - 2 potions of curing
 e - a potion of haste
 f - a potion of invisibility


   Skills:
 + Level 8.9 Dodging
 - Level 1.7 Stealth
 + Level 8.9 Spellcasting
 + Level 9.4 Ice Magic
 + Level 9.1 Invocations


You had 20 spell levels left.
You knew the following spells:

 Your Spells              Type           Power      Damage    Failure   Level
a - Freeze                Ice            100%       1d10      1%          1
b - Frozen Ramparts       Ice            84%        1d13      1%          3

Your spell library contained the following spells:

 Spells                   Type           Power      Damage    Failure   Level
 Ozocubu's Armour         Ice            42%        N/A       1%          3
 Summon Ice Beast         Ice/Summ       25%        N/A       13%         4


Dungeon Overview and Level Annotations

Branches:
Dungeon (1/1)

Altars:
Cheibriados
Dithmenos
Fedhas
Gozag
Hepliaklqana
Kikubaaqudgha
Makhleb
Nemelex Xobeh
Okawaru
Qazlal
Ru
Sif Muna
Trog
Uskayaw
Vehumet
Wu Jian
Xom
Yredelemnul
Jiyva
Lugonu


Innate Abilities, Weirdness & Mutations

You regenerate health from kills.


Message History

The acid corrodes the vampire mosquito!
The catoblepas is heavily wounded.
The wall freezes the vampire mosquito. x2
The wall freezes the catoblepas but does no damage.
The catoblepas gores you!!
Ouch! That really hurt!
* * * LOW HITPOINT WARNING * * *
Unknown command.
You feel better.
The wall freezes the vampire mosquito. x2
The wall freezes the catoblepas.
The catoblepas breathes a plume of calcifying dust at you.
The blast of calcifying dust hits you.
* * * LOW HITPOINT WARNING * * *
You feel better.
You are engulfed in calcifying dust.
You are slowing down.
The wall freezes the vampire mosquito.
The wall freezes the catoblepas!
The catoblepas breathes a plume of calcifying dust at you.
The blast of calcifying dust hits you.
* * * LOW HITPOINT WARNING * * *
The wall freezes the vampire mosquito.
You destroy the vampire mosquito!
Makhleb accepts your kill.
You feel better.
Your Invocations skill increases to level 9!
You have reached level 8!
You feel stronger.
Unknown command.
You feel better.
You are engulfed in calcifying dust.
Your limbs have turned to stone.
The wall freezes the catoblepas but does no damage.
The catoblepas barely misses you.
The wall freezes the komodo dragon but does no damage.
The wall freezes the catoblepas.
The catoblepas gores you!!
* * * LOW HITPOINT WARNING * * *
The wall freezes the komodo dragon.
You have turned to stone.
You are engulfed in calcifying dust.
The wall freezes the komodo dragon.
The komodo dragon seems to slow down.
The wall freezes the catoblepas but does no damage.
The catoblepas gores you!
You die...

▓.▓
▓.▓
▓e▓
▓l▓
▓W▓
▓l▓
▓Y▓
▓@▓
▓§▓
▓§▓
▓.▓
▓.▓
▓)▓
▓)▓
▓.▓
▓.▓


You could see a catoblepas, a komodo dragon (slow), a deep elf pyromancer, a
basilisk and a wraith.

Vanquished Creatures
  A troll (D)
  A hornet (D)
  A wraith (D)
  A vampire mosquito (D)
  An orc warrior (D)
  An ogre (D)
  A gnoll sergeant (D)
  A wight (D)
  A howler monkey (D)
  A hound (D)
  An adder (D)
  A dart slug (D)
  An orc (D)
  An endoplasm (D)
  2 hobgoblins (D)
  A jackal (D)
17 creatures vanquished.

Notes
Turn   | Place    | Note
-------+----------+-------------------------------------------
     0 | D        | Pestilence the Demonspawn Ice Elementalist began the quest
                  | for the Orb.
     0 | D        | Reached XP level 1. HP: 13/13 MP: 3/3
   112 | D        | Gained mutation: You regenerate a little health from kills.
                  | [demonic ancestry]
   112 | D        | Reached XP level 2. HP: 6/19 MP: 0/5
   277 | D        | Noticed a howler monkey
   277 | D        | Noticed an ogre
   282 | D        | Reached skill level 5 in Ice Magic
   282 | D        | Reached XP level 3. HP: 21/24 MP: 1/8
   347 | D        | Learned a level 3 spell: Frozen Ramparts
   355 | D        | Gained mutation: You regenerate health from kills. [demonic
                  | ancestry]
   355 | D        | Reached XP level 4. HP: 27/30 MP: 3/10
   356 | D        | Killed an ogre
   357 | D        | Reached skill level 5 in Dodging
   357 | D        | Reached skill level 5 in Spellcasting
   357 | D        | Reached XP level 5. HP: 35/35 MP: 2/13
   450 | D        | Found a snail-covered altar of Cheibriados.
   450 | D        | Found a shadowy altar of Dithmenos.
   450 | D        | Found a blossoming altar of Fedhas.
   450 | D        | Found an opulent altar of Gozag.
   451 | D        | Found a hazy altar of Hepliaklqana.
   452 | D        | Found a viscous altar of Jiyva.
   453 | D        | Found an ancient bone altar of Kikubaaqudgha.
   454 | D        | Found a corrupted altar of Lugonu.
   455 | D        | Found a burning altar of Makhleb.
   456 | D        | Found a sparkling altar of Nemelex Xobeh.
   457 | D        | Found an iron altar of Okawaru.
   458 | D        | Found a stormy altar of Qazlal.
   459 | D        | Found a sacrificial altar of Ru.
   460 | D        | Found a shimmering blue altar of Sif Muna.
   461 | D        | Found a bloodstained altar of Trog.
   462 | D        | Found a hide-covered altar of Uskayaw.
   463 | D        | Became a worshipper of Makhleb the Destroyer
   464 | D        | Found a radiant altar of Vehumet.
   465 | D        | Found an ornate altar of the Wu Jian Council.
   466 | D        | Found a shimmering altar of Xom.
   467 | D        | Found a basalt altar of Yredelemnul.
   504 | D        | Noticed a wraith
   504 | D        | Noticed a hornet
   504 | D        | Noticed an orc warrior
   504 | D        | Noticed a troll
   509 | D        | Killed a troll
   510 | D        | Reached skill level 5 in Invocations
   510 | D        | Reached XP level 6. HP: 32/41 MP: 6/16
   512 | D        | HP: 2/41 [gnoll sergeant/+3 spear of pain (2)]
   515 | D        | Killed an orc warrior
   517 | D        | Killed a hornet
   517 | D        | Reached * piety under Makhleb
   518 | D        | Reached XP level 7. HP: 14/46 MP: 16/18
   522 | D        | Killed a wraith
   537 | D        | Reached ** piety under Makhleb
   710 | D        | Noticed a deep elf pyromancer
   710 | D        | Noticed a basilisk
   710 | D        | Noticed a wraith
   710 | D        | Noticed a komodo dragon
   710 | D        | Noticed a vampire mosquito
   710 | D        | Noticed a catoblepas
   715 | D        | Killed a vampire mosquito
   716 | D        | Reached XP level 8. HP: 14/52 MP: 17/20
   716 | D        | HP: 1/52 [catoblepas (22)]
   717 | D        | Slain by a catoblepas

Illustrated notes

Levels and vault maps discovered:
D:        linesprint [early_d, line_temple, items_1, d_10, items_2, lair_1,
          lair_end, items_3, orc_1, orc_end, items_4, d_15, swamp_1, shoals_1,
          snake_1, spider_1, d_20, vaults_1, items_5, swamp_end, shoals_end,
          snake_end, spider_end, vaults_end, d_27, items_6, zot_1, zot_end,
          crypt_end, forest_end, elf_end, slime_end, tomb_end, abyss_end,
          pan_hell_end]

Skill      XL: |  1  2  3  4  5  6  7 |
---------------+----------------------+-----
Dodging        | 2 3 4 5 7 8 |  8.9
Ice Magic      | 4 5 6 7 8 9 |  9.4
Spellcasting   | 3 4 5 7 8 |  8.9
Invocations    | 5 7 9 |  9.1
Stealth        | |  1.7

Action                   |  1- 3 |  4- 6 |  7- 9 || total
-------------------------+-------+-------+-------++-------
Melee: Unarmed           |    13 |       |       ||    13
       Rapier            |       |       |     8 ||     8
 Cast: Freeze            |    17 |    10 |       ||    27
       Frozen Ramparts   |     1 |     2 |     1 ||     4
Invok: Minor Destruction |       |       |     3 ||     3
Evoke: Wand              |       |     1 |     8 ||     9
  Use: Potion            |     2 |     3 |     4 ||     9
       Scroll            |     1 |       |     1 ||     2
Armor: Robe              |     3 |       |       ||     3
Dodge: Dodged            |    23 |    14 |     7 ||    44

Table legend: (Time is in decaauts)
 A = Elapsed time spent in this place.
 B = Non-inter-level travel time spent in this place.
 C = Inter-level travel time spent in this place.
 D = Time resting spent in this place.
 E = Time spent auto-exploring this place.
 F = Levels seen in this place.
 G = Mean time per level.
                   A        B        C        D        E       F      G
               +--------+--------+--------+--------+--------+-----+--------+
         Total |    721 |    721 |      0 |    511 |      0 |   1 |  721.0 |
       Dungeon |    721 |    721 |      0 |    511 |      0 |   1 |  721.0 |
               +--------+--------+--------+--------+--------+-----+--------+

Top non-repeatable levels by time:
       D: 721 daAuts
